 Dungeon Crawl Stone Soup version 0.28-a0-10-g964c8b829e (webtiles) character file.

Game seed: 298102755311363676

457 DocSulfur the Magician (level 7, 51/51 HPs)
             Began as a Djinni Fire Elementalist on July 25, 2021.
             Quit the game in the Ecumenical Temple.
             The game lasted 00:07:16 (5618 turns).

DocSulfur the Magician (Djinni Fire Elementalist)   Turns: 5618, Time: 00:07:16

Health: 51/51      AC:  3    Str:  7    XL:     7   Next: 27%
Gold:   145        EV: 12    Int: 19    God:
                   SH:  0    Dex: 13

rFire   + + .      SeeInvis .   (no weapon)
rCold   x . .      Faith    .   (no shield)
rNeg    . . .      Spirit   .   a - +0 robe
rPois   ∞          Reflect  .   (no helmet)
rElec   .          Harm     .   (no cloak)
rCorr   .          Rampage  .   t - +0 pair of gloves
Will    .....                   (boots unavailable)
Stlth   ++........              (no amulet)
HPRegen 0.17/turn               (no ring)
MPRegen 0.00/turn               (no ring)

@: flying
A: sickness immunity, fire resistance 2, cold vulnerability 1, float, innate
caster, hp casting, extra vitality 1
a: no special abilities


You were in the Ecumenical Temple.
You visited 2 branches of the dungeon, and saw 6 of its levels.

You collected 145 gold pieces.

Inventory:

Hand Weapons
 l - a +0 hunting sling
Missiles
 m - 117 stones
Armour
 a - a +0 robe (worn)
 t - a +0 pair of gloves (worn)
Magical Staves
 h - a staff of air
Jewellery
 k - a ring of flight
Wands
 p - a wand of flame (5)
Scrolls
 d - 2 scrolls of identify {unknown}
 e - 2 scrolls of enchant armour {unknown}
 f - 2 scrolls of fog {unknown}
 j - a scroll of magic mapping {unknown}
 n - a scroll of teleportation {unknown}
 o - 2 scrolls of noise {unknown}
 q - a scroll of summoning {unknown}
 u - a scroll of fear {unknown}
Potions
 b - 5 potions of flight {unknown}
 c - a potion of invisibility {unknown}
 g - a potion of heal wounds {unknown}
 i - 4 potions of degeneration {unknown}
 r - a potion of brilliance {unknown}
 s - a potion of lignification {unknown}


   Skills:
 + Level 3.8 Fighting
 - Level 2.1 Dodging
 - Level 1.5 Stealth
 * Level 5.0 Spellcasting


You couldn't memorise any spells.
You knew the following spells:

 Your Spells              Type           Power      Damage    Failure   Level
a - Foxfire               Conj/Fire      96%        2x1d8     1%          1
b - Conjure Flame         Conj/Fire      24%        6-21      4%          3
c - Inner Flame           Hex/Fire       24%        N/A       4%          3
d - Sticky Flame          Conj/Fire      24%        2d5       16%         4
e - Fireball              Conj/Fire      12%        3d7       38%         5
f - Beastly Appendage     Tmut           48%        N/A       1%          1
g - Slow                  Hex            24%        N/A       2%          2
h - Wereblood             Tmut           24%        N/A       2%          2
Your spell library was empty.

Dungeon Overview and Level Annotations

Branches:
Dungeon (5/15)             Temple (1/1) D:5

Altars:
Cheibriados
Dithmenos
Fedhas
Hepliaklqana
Kikubaaqudgha
Nemelex Xobeh
Okawaru
Ru
Sif Muna
Vehumet
Wu Jian
Xom
Yredelemnul
Zin

Shops:
D:4 **

Annotations:
D:4 3 runed translucent doors, mokwee's ghost, amateur OpVM


Innate Abilities, Weirdness & Mutations

You are immune to sickness and miasma.
You are immune to poison.
Your flesh is very heat resistant. (rF++)
You are vulnerable to cold. (rC-)
You float through the air rather than walking.
You learn spells naturally, not from books.
Your magical power is your life essence.
You have superior vitality. (+4 HP)


Message History

There is an open door here.
As you open the door, it creaks loudly!
There is an open door here.
There is an open door here.
There is an open door here.
You reach down and open the door.
There is an open door here.
u - a scroll labelled SEPOEBRO GECI You see here a +0 dagger.
You reach down and open the door.
You now have 145 gold pieces (gained 14).
Mokwee's ghost turns its malevolent gaze towards you.
Could not explore, unopened runed door.
Casting: Foxfire (safe; 1% risk of failure)
Confirm with . or Enter, or press ? or * to list all spells.
You conjure some foxfire!
Could not explore, unopened runed door.
Could not explore, unopened runed door.
Mokwee's ghost wails, "To die, to sleep, no more."
Your foxfire dissipates! x2
There is a stone staircase leading down here.
You fly downwards.
Found a staircase to the Ecumenical Temple.
There is a stone staircase leading up here.
A necrophage comes into view.
There is a staircase to the Ecumenical Temple here.
You fly downwards.
Welcome to the Ecumenical Temple!
Found eight altars.
There is a staircase back to the Dungeon here.
Found a shimmering altar of Xom.
Found a radiant altar of Vehumet.
Found a basalt altar of Yredelemnul.
Found a snail-covered altar of Cheibriados.
Done exploring.
Done exploring.
Done exploring.
Done exploring.
There is a blossoming altar of Fedhas here.
There is a staircase back to the Dungeon here.
Are you sure you want to abandon this character and quit the game? (Confirm with "yes".)

#.._.....## ##....._..#
##.........# #.........##
#..........## ##..........#
#......_...8# #8..._......#
#...........###...........#
###8.........#.........8###
###....._..#.._.....###
###8...........8###
###....@....### ###..<..###
###.........###
###8...........8###
###....._..#.._.....###
###8.........#.........8###
#...........###...........#
#......_...8# #8..._......#
#..........## ##..........#


There were no monsters in sight!

Vanquished Creatures
  Sigmund (D:4)
  A bullfrog (D:4)
  An orc priest (D:3)
  An iguana (D:3)
  A gnoll (D:2)
  7 adders
  3 adder skeletons (D:4)
  2 dart slugs
  8 orcs
  10 endoplasms
  3 giant cockroaches
  9 goblins
  4 hobgoblins
  4 jackals
  4 quokkas
  8 ball pythons
  5 bats
  5 frilled lizards
  7 kobolds
  8 rats
92 creatures vanquished.

Vanquished Creatures (others)
  380 foxfires
380 creatures vanquished.

Grand Total: 472 creatures vanquished

Notes
Turn   | Place    | Note
-------+----------+-------------------------------------------
     0 | D:1      | DocSulfur the Djinni Fire Elementalist began the quest for
                  | the Orb.
     0 | D:1      | Reached XP level 1. HP: 15/15 MP: 0/0
   306 | D:1      | Reached XP level 2. HP: 19/22 MP: 0/0
   572 | D:1      | Reached skill level 1 in Fighting
   872 | D:1      | Reached XP level 3. HP: 26/27 MP: 0/0
   872 | D:1      | Learned a level 1 spell: Beastly Appendage
   909 | D:1      | Reached skill level 3 in Spellcasting
  1820 | D:2      | Reached XP level 4. HP: 30/33 MP: 0/0
  2961 | D:3      | Found a faded altar of an unknown god.
  3095 | D:3      | Reached XP level 5. HP: 33/38 MP: 0/0
  3095 | D:3      | Learned a level 2 spell: Slow
  3716 | D:2      | Reached skill level 4 in Spellcasting
  4268 | D:3      | Reached XP level 6. HP: 41/45 MP: 0/0
  4570 | D:4      | Found a runed translucent gate.
  4570 | D:4      | Found a runed translucent gate.
  4570 | D:4      | Found a runed translucent gate.
  4571 | D:4      | Noticed mokwee's ghost (amateur OpVM)
  4684 | D:4      | Found Loschiza's Neck Hole.
  5097 | D:4      | Noticed Sigmund
  5107 | D:4      | Killed Sigmund
  5108 | D:4      | Reached skill level 5 in Spellcasting
  5108 | D:4      | Reached XP level 7. HP: 45/51 MP: 0/0
  5108 | D:4      | Learned a level 2 spell: Wereblood
  5155 | D:4      | Found Zin's Purification Station.
  5158 | D:4      | Found a glowing silver altar of Zin.
  5544 | D:5      | Entered Level 5 of the Dungeon
  5544 | D:5      | Found a staircase to the Ecumenical Temple.
  5551 | Temple   | Entered the Ecumenical Temple
  5618 | Temple   | Quit the game

Illustrated notes

Levels and vault maps discovered:
D:1:      dpeg_arrival_tiny_f, layout_basic
D:2:      layout_loops_ring, basic_altar
D:3:      layout_basic, ebering_ecumenical_altar_hall, minmay_quantized
D:4:      layout_basic, zin_purify, ebering_ghost_rock_garden,
          hangedman_abyss_or_decor_lesser_grid,
          nicolae_shop_sticking_my_neck_out, uniq_sigmund
D:5:      layout_basic, nicolae_gozag_zags_fifth_avenue,
          minmay_temple_entry_crystal_x, minivault_24,
          ebering_dispersal_statue_hall, uniq_crazy_yiuf_cottage
Temple:   nicolae_temple_x_marks_the_god

Skill      XL: |  1  2  3  4  5  6 |
---------------+-------------------+-----
Fighting       | 1 2 3 |  3.8
Spellcasting   | 3 4 5 |  5.0
Dodging        | |  2.1
Stealth        | |  1.5

Action                   |  1- 3 |  4- 6 |  7- 9 || total
-------------------------+-------+-------+-------++-------
 Cast: Foxfire           |    70 |   165 |     8 ||   243
Armor: Robe              |     6 |     4 |       ||    10
Dodge: Dodged            |    11 |    15 |       ||    26

Table legend: (Time is in decaauts)
 A = Elapsed time spent in this place.
 B = Non-inter-level travel time spent in this place.
 C = Inter-level travel time spent in this place.
 D = Time resting spent in this place.
 E = Time spent auto-exploring this place.
 F = Levels seen in this place.
 G = Mean time per level.
                   A        B        C        D        E       F      G
               +--------+--------+--------+--------+--------+-----+--------+
         Total |   5618 |   5370 |    248 |    210 |   4392 |   6 |  936.3 |
       Dungeon |   5552 |   5304 |    248 |    210 |   4342 |   5 | 1110.4 |
        Temple |     66 |     66 |      0 |      0 |     50 |   1 |   66.0 |
               +--------+--------+--------+--------+--------+-----+--------+

Top non-repeatable levels by time:
     D:2: 1713 daAuts
     D:1: 1496 daAuts
     D:3: 1204 daAuts
     D:4: 1130 daAuts
  Temple: 66 daAuts
     D:5: 6 daAuts
